 Dungeon Sprint DCSS version 0.26-a0-642-g67e9924 (webtiles) character file.

Game seed: 13677366591297211959

7760 Deeps the Impaler (level 11, -5/101 HPs)
             Began as a Merfolk Fighter on Sept 22, 2020.
             Was a High Priest of Okawaru.
             Slain by a tyrant leech (12 damage)
             ... in the Dungeon (Sprint IX: "|||||||||||||||||||||||||||||").
             The game lasted 00:04:15 (1586 turns).

Deeps the Impaler (Merfolk Fighter)                 Turns: 1586, Time: 00:04:16

Health: -5/101     AC: 10    Str: 20    XL:     11   Next: 20%
Magic:  16/16      EV: 11    Int:  7    God:    Okawaru [*****.]
Gold:   0          SH:  0    Dex: 17    Spells: 10/10 levels left

rFire    + + .     SeeInvis .   q - +10 glaive of the Feather {flame, rF++ MR-}
rCold    . . .     Faith    .   (shield currently unavailable)
rNeg     . . .     Spirit   .   b - +0 scale mail
rPois    .         Reflect  .   (no helmet)
rElec    .         Harm     .   (no cloak)
rCorr    .         Rampage  .   (no gloves)
MR       .....     NoTele   +   s - +0 pair of boots
Stlth    ..........             (no amulet)
HPRegen  0.26/turn              t - +3 ring of dexterity
MPRegen  0.15/turn              u - +2 ring of evasion

@: no status effects
A: change form in water, swift swim, stealthy swim
a: Heroism, Finesse, Renounce Religion


You were in the Dungeon.
You worshipped Okawaru.
Okawaru was extremely pleased with you.
You visited 1 branch

Inventory:

Hand Weapons
 n - a +4 halberd of venom
   (You found it in the Dungeon)
 o - a +2 vorpal dire flail
   (You found it in the Dungeon)
 q - the +10 glaive of the Feather (weapon) {flame, rF++ MR-}
   (Okawaru gifted it to you in the Dungeon)

   It has been specially enchanted to burn those struck by it, causing extra
   injury to most foes and up to half again as much damage against particularly
   susceptible opponents.
   Big, fiery blades are also staple armaments of hydra-hunters.
   It greatly protects you from fire.
   It affects your resistance to hostile enchantments.
Armour
 b - a +0 scale mail (worn)
 s - a +0 pair of boots (worn)
   (You found it in the Dungeon)
Magical Staves
 f - an uncursed staff of cold {rC+}
   (You found it in the Dungeon)
Jewellery
 t - a +3 ring of dexterity (left hand)
   (You found it in the Dungeon)
 u - a +2 ring of evasion (right hand)
   (You found it in the Dungeon)
Wands
 r - a wand of acid (10)
   (You found it in the Dungeon)
Scrolls
 j - 5 scrolls of blinking {!r}
 k - 3 scrolls of remove curse
 l - 2 scrolls of amnesia
 m - 2 scrolls of fear
 p - a scroll of identify
Potions
 a - a potion of heal wounds
 c - a potion of invisibility
 d - 2 potions of might
 e - 4 potions of curing
 g - a potion of haste
 h - 4 potions of magic
 i - a potion of berserk rage {!q}


   Skills:
 - Level 14.9 Fighting
 + Level 20.1 Polearms
 - Level 11.0 Armour
   Level 3.0 Shields
 + Level 7.7 Invocations
 + Level 7.0 Evocations


You had 10 spell levels left.
You didn't know any spells.
Your spell library was empty.

Dungeon Overview and Level Annotations

Branches:
Dungeon (1/1)

Altars:
Cheibriados
Dithmenos
Elyvilon
Fedhas
Gozag
Hepliaklqana
Kikubaaqudgha
Makhleb
Nemelex Xobeh
Okawaru
Qazlal
Ru
Sif Muna
Trog
Uskayaw
Vehumet
Wu Jian
Xom
Yredelemnul
Zin
The Shining One
Beogh
Jiyva
Lugonu


Message History

You take 1 damage, and have 79/95 hp.
You barely miss the lindwurm.
The lindwurm bites you but does no damage.
The lindwurm claws you. The lindwurm claws you!
You take 8 damage, and have 71/95 hp.
You slash the lindwurm! You burn the lindwurm.
You kill the lindwurm!
Okawaru is honoured by your kill.
Your Invocations skill increases to level 5!
Your Evocations skill increases to level 5!
You slash the lindwurm! You burn the lindwurm.
Unknown command.
You slash the lindwurm! You burn the lindwurm.
The lindwurm breathes flames at you. The blast of flame hits you! You resist.
You take 10 damage, and have 61/95 hp.
You hit the lindwurm. You burn the lindwurm.
The lindwurm breathes flames at you. The blast of flame hits you! You resist.
You take 10 damage, and have 51/95 hp.
You slice the lindwurm!! You burn the lindwurm.
You kill the lindwurm!
Okawaru accepts your kill.
Your Invocations skill increases to level 6!
You have reached level 11!
You regained 3 hp, and now have 54/101 hp.
The lindwurm bites you.
The lindwurm claws you but does no damage.
The lindwurm closely misses you.
There is an open door to Lair:6, spattered with blood here.
You see here a lindwurm corpse.
You take 4 damage, and have 50/101 hp.
You slash the lindwurm! You burn the lindwurm.
The lindwurm breathes flames at you. The blast of flame hits you! You resist.
You take 8 damage, and have 42/101 hp.
You hit the lindwurm. You burn the lindwurm. The lindwurm barely misses you.
The lindwurm closely misses you. The lindwurm claws you.
You take 1 damage, and have 41/101 hp.
You slash the lindwurm! You burn the lindwurm. The lindwurm bites you.
The lindwurm claws you but does no damage.
The lindwurm closely misses you.
You take 5 damage, and have 36/101 hp.
You slash the lindwurm! You burn the lindwurm.
Unknown command.
You slice the lindwurm!! You burn the lindwurm.
You kill the lindwurm!
Okawaru accepts your kill.
Your Invocations skill increases to level 7!
Your Evocations skill increases to level 6!
You miss the tyrant leech. You barely miss the tyrant leech.
The tyrant leech closely misses you.
You hit the tyrant leech. You burn the tyrant leech.
The tyrant leech bites you!
* * * LOW HITPOINT WARNING * * *
The tyrant leech draws strength from your injuries!
You take 13 damage, and have 24/101 hp.
You slash the tyrant leech! You burn the tyrant leech.
Unknown command.
You hit the tyrant leech. You burn the tyrant leech.
The tyrant leech bites you but does no damage.
You hit the tyrant leech. You burn the tyrant leech.
You barely miss the tyrant leech. The tyrant leech misses you.
You slash the tyrant leech! You burn the tyrant leech.
The tyrant leech bites you but does no damage.
You closely miss the tyrant leech.
Unknown command.
You slice the tyrant leech!! You burn the tyrant leech!
You kill the tyrant leech!
Okawaru accepts your kill.
Your Polearms skill increases to level 20!
The lindwurm barely misses you. x2; The lindwurm closely misses you.
You see here a lindwurm corpse.
You slice the lindwurm!! You burn the lindwurm!
The lindwurm bites you but does no damage.
The lindwurm closely misses you. The lindwurm claws you.
* * * LOW HITPOINT WARNING * * *
You take 1 damage, and have 25/101 hp.
You slice the lindwurm!! You burn the lindwurm.
You kill the lindwurm!
Okawaru accepts your kill.
Your Evocations skill increases to level 7!
A tyrant leech comes into view.
Unknown command.
You barely miss the worm. You hit the worm but do no damage.
The worm bites you.
* * * LOW HITPOINT WARNING * * *
You take 2 damage, and have 23/101 hp.
You slash the worm! You burn the worm.
You kill the worm!
Okawaru accepts your kill.
Unknown command.
You see here a worm corpse.
The tyrant leech bites you!!
* * * LOW HITPOINT WARNING * * *
The tyrant leech draws strength from your injuries!
You take 18 damage, and have 6/101 hp.
You slash the tyrant leech! You burn the tyrant leech.
The tyrant leech bites you!
You die...

▓▓▓▓▓▓▓▓▓▓▓▓▓▓▓▓▓▓▓▓▓▓▓▓▓▓▓▓▓▓▓▓▓
...'......).))([.)..'____________
▓▓▓▓▓▓▓▓▓▓▓▓▓▓▓▓▓▓▓▓▓▓▓▓▓▓▓▓▓▓▓▓▓
.................................
▓▓▓▓▓▓▓▓▓▓▓▓▓▓▓▓▓▓▓▓▓▓▓▓▓▓▓▓▓▓▓▓▓
!)?...w@.†††......†..'..
▓▓▓▓▓▓▓▓▓▓▓▓▓▓▓▓▓▓▓▓▓▓▓▓


You could see a tyrant leech.

Vanquished Creatures
  A hydra (D)
  A centaur warrior (D)
  5 lindwurms (D)
  An ugly thing (D)
  A black mamba (D)
  3 cane toads (D)
  A rime drake (D)
  2 komodo dragons (D)
  A tyrant leech (D)
  A hippogriff (D)
  2 wraiths (D)
  A yak (D)
  A water moccasin (D)
  A porcupine (D)
  An orc warrior (D)
  5 crocodiles (D)
  4 bullfrogs (D)
  A wight (D)
  A howler monkey (D)
  A worker ant (D)
  A white imp (D)
  An ufetubus (D)
  A worm (D)
  A leopard gecko (D)
  A ball python (D)
  A giant cockroach (D)
  A hobgoblin (D)
  A jackal (D)
  A jackal zombie (D)
  A kobold (D)
  A rat (D)
46 creatures vanquished.

Vanquished Creatures (others)
  An orc wizard (D)
1 creature vanquished.

Grand Total: 47 creatures vanquished

Notes
Turn   | Place    | Note
-------+----------+-------------------------------------------
     0 | D        | Deeps the Merfolk Fighter began the quest for the Orb.
     0 | D        | Reached XP level 1. HP: 18/18 MP: 1/1
    29 | D        | Reached skill level 4 in Polearms
    30 | D        | Reached skill level 4 in Fighting
   115 | D        | Noticed an orc wizard
   115 | D        | Noticed a howler monkey
   116 | D        | Reached XP level 2. HP: 25/25 MP: 2/2
   130 | D        | Killed a howler monkey
   130 | D        | Reached skill level 5 in Fighting
   130 | D        | Reached skill level 6 in Polearms
   130 | D        | Reached skill level 3 in Armour
   130 | D        | Reached XP level 3. HP: 9/33 MP: 3/3
   134 | D        | HP: 7/33 [white imp (3)]
   138 | D        | HP: 3/33 [ufetubus (2)]
   141 | D        | Reached XP level 4. HP: 40/40 MP: 4/4
   147 | D        | Found a roughly hewn altar of Beogh.
   147 | D        | Found a snail-covered altar of Cheibriados.
   147 | D        | Found a shadowy altar of Dithmenos.
   147 | D        | Found a white marble altar of Elyvilon.
   147 | D        | Found a blossoming altar of Fedhas.
   147 | D        | Found an opulent altar of Gozag.
   148 | D        | Found a hazy altar of Hepliaklqana.
   149 | D        | Found a viscous altar of Jiyva.
   150 | D        | Found an ancient bone altar of Kikubaaqudgha.
   151 | D        | Found a corrupted altar of Lugonu.
   152 | D        | Found a burning altar of Makhleb.
   153 | D        | Found a sparkling altar of Nemelex Xobeh.
   154 | D        | Found an iron altar of Okawaru.
   155 | D        | Found a stormy altar of Qazlal.
   156 | D        | Found a sacrificial altar of Ru.
   157 | D        | Found a shimmering blue altar of Sif Muna.
   158 | D        | Found a bloodstained altar of Trog.
   159 | D        | Found a hide-covered altar of Uskayaw.
   160 | D        | Found a radiant altar of Vehumet.
   161 | D        | Found an ornate altar of the Wu Jian Council.
   162 | D        | Found a shimmering altar of Xom.
   163 | D        | Found a basalt altar of Yredelemnul.
   166 | D        | Became a worshipper of Warmaster Okawaru
   169 | D        | Found a glowing silver altar of Zin.
   170 | D        | Found a glowing golden altar of the Shining One.
   211 | D        | Noticed a water moccasin
   211 | D        | Noticed a hippogriff
   211 | D        | Noticed an orc warrior
   215 | D        | Killed an orc warrior
   215 | D        | Reached skill level 7 in Fighting
   215 | D        | Reached skill level 9 in Polearms
   215 | D        | Reached skill level 5 in Armour
   215 | D        | Reached XP level 5. HP: 38/48 MP: 5/5
   233 | D        | Killed a hippogriff
   233 | D        | Reached * piety under Okawaru
   233 | D        | Reached skill level 9 in Fighting
   233 | D        | Reached skill level 11 in Polearms
   233 | D        | Reached skill level 6 in Armour
   233 | D        | Reached XP level 6. HP: 39/58 MP: 6/6
   239 | D        | HP: 9/58 [wight/+4 dire flail (6)]
   245 | D        | HP: 12/59 [water moccasin (5)]
   256 | D        | Killed a water moccasin
   256 | D        | Reached ** piety under Okawaru
   256 | D        | Reached skill level 10 in Fighting
   256 | D        | Reached skill level 12 in Polearms
   256 | D        | Reached XP level 7. HP: 35/66 MP: 7/7
   258 | D        | Reached skill level 7 in Armour
   501 | D        | Noticed a wraith
   501 | D        | Noticed a centaur warrior
   501 | D        | Noticed a green ugly thing
   501 | D        | Noticed a wraith
   523 | D        | Killed a green ugly thing
   523 | D        | Reached *** piety under Okawaru
   523 | D        | Reached skill level 11 in Fighting
   523 | D        | Reached skill level 13 in Polearms
   523 | D        | Reached skill level 8 in Armour
   523 | D        | Reached XP level 8. HP: 54/75 MP: 8/8
   534 | D        | Killed a wraith
   534 | D        | Reached skill level 14 in Polearms
   539 | D        | Killed a centaur warrior
   539 | D        | Reached skill level 12 in Fighting
   539 | D        | Reached skill level 15 in Polearms
   539 | D        | Reached skill level 9 in Armour
   539 | D        | Reached XP level 9. HP: 37/84 MP: 9/9
   880 | D        | Noticed a cane toad
   880 | D        | Noticed a cane toad
   886 | D        | Killed a cane toad
   886 | D        | Reached **** piety under Okawaru
   886 | D        | Reached skill level 13 in Fighting
   886 | D        | Reached skill level 16 in Polearms
   890 | D        | Noticed a komodo dragon
   892 | D        | Killed a cane toad
   893 | D        | Noticed a cane toad
   897 | D        | Reached skill level 10 in Armour
   900 | D        | HP: 21/85 [yak (11)]
   906 | D        | HP: 13/86 [komodo dragon (8)]
   917 | D        | Killed a komodo dragon
   917 | D        | Reached skill level 14 in Fighting
   917 | D        | Reached skill level 17 in Polearms
   920 | D        | Killed a cane toad
   920 | D        | Reached ***** piety under Okawaru
   920 | D        | Reached XP level 10. HP: 48/94 MP: 10/10
  1116 | D        | Noticed a black mamba
  1130 | D        | Killed a black mamba
  1132 | D        | Reached skill level 18 in Polearms
  1138 | D        | HP: 17/95 [komodo dragon (22)]
  1144 | D        | Reached skill level 11 in Armour
  1144 | D        | HP: 17/95 [poisoned by a black mamba]
  1146 | D        | Received a gift from Okawaru
  1150 | D        | HP: 15/95 [poisoned by a black mamba]
  1151 | D        | Got a dazzling glaive {god gift}
  1152 | D        | Identified the +10 glaive of the Feather {flame, rF++ MR-}
                  | (Okawaru gifted it to you in the Dungeon)
  1157 | D        | HP: 15/95 [poisoned by a black mamba]
  1165 | D        | HP: 15/95 [poisoned by a black mamba]
  1495 | D        | Noticed a six-headed hydra
  1499 | D        | Reached skill level 1 in Invocations
  1501 | D        | Killed a four-headed hydra
  1501 | D        | Reached skill level 3 in Invocations
  1501 | D        | Reached skill level 3 in Evocations
  1549 | D        | Noticed a lindwurm
  1549 | D        | Noticed a lindwurm
  1549 | D        | Noticed a lindwurm
  1549 | D        | Noticed a lindwurm
  1549 | D        | Noticed a lindwurm
  1551 | D        | Killed a lindwurm
  1551 | D        | Reached skill level 19 in Polearms
  1551 | D        | Reached skill level 4 in Invocations
  1551 | D        | Reached skill level 4 in Evocations
  1556 | D        | Killed a lindwurm
  1556 | D        | Reached skill level 5 in Invocations
  1556 | D        | Reached skill level 5 in Evocations
  1560 | D        | Killed a lindwurm
  1560 | D        | Reached skill level 6 in Invocations
  1560 | D        | Reached XP level 11. HP: 54/101 MP: 12/15
  1566 | D        | Killed a lindwurm
  1566 | D        | Reached skill level 7 in Invocations
  1566 | D        | Reached skill level 6 in Evocations
  1569 | D        | HP: 24/101 [tyrant leech (13)]
  1576 | D        | Reached skill level 20 in Polearms
  1578 | D        | HP: 25/101 [lindwurm (1)]
  1579 | D        | Killed a lindwurm
  1579 | D        | Reached skill level 7 in Evocations
  1585 | D        | HP: 6/101 [tyrant leech (18)]
  1586 | D        | Slain by a tyrant leech

Illustrated notes

Levels and vault maps discovered:
D:        linesprint [early_d, line_temple, items_1, d_10, items_2, lair_1,
          lair_end, items_3, orc_1, orc_end, items_4, d_15, swamp_1, shoals_1,
          snake_1, spider_1, d_20, vaults_1, items_5, swamp_end, shoals_end,
          snake_end, spider_end, vaults_end, d_27, items_6, zot_1, zot_end,
          crypt_end, forest_end, elf_end, slime_end, tomb_end, abyss_end,
          pan_hell_end]

Skill      XL: |  1  2  3  4  5  6  7  8  9 10 11 |
---------------+----------------------------------+-----
Polearms       | 4 6 9 11 12 13 15 17 19 20 | 20.1
Fighting       | 4 5 7 9 10 11 12 14 | 14.9
Armour         | 3 5 6 8 9 10 11 | 11.0
Invocations    | 6 7 |  7.7
Evocations     | 5 7 |  7.0
Shields        | |  3.0

Action                   |  1- 3 |  4- 6 |  7- 9 | 10-12 || total
-------------------------+-------+-------+-------+-------++-------
Melee: Trident           |    45 |       |       |       ||    45
       Halberd           |       |    25 |    63 |    24 ||   112
       Glaive            |       |       |       |    40 ||    40
Invok: Heroism           |       |       |     1 |     1 ||     2
  Use: Potion            |     1 |     3 |     3 |     2 ||     9
       Scroll            |       |       |     2 |       ||     2
Armor: Scale mail        |    17 |     8 |     7 |    16 ||    48
Dodge: Dodged            |    23 |    16 |    30 |    29 ||    98

Table legend: (Time is in decaauts)
 A = Elapsed time spent in this place.
 B = Non-inter-level travel time spent in this place.
 C = Inter-level travel time spent in this place.
 D = Time resting spent in this place.
 E = Time spent auto-exploring this place.
 F = Levels seen in this place.
 G = Mean time per level.
                   A        B        C        D        E       F      G
               +--------+--------+--------+--------+--------+-----+--------+
         Total |   1554 |   1554 |      0 |   1053 |      0 |   1 | 1554.0 |
       Dungeon |   1554 |   1554 |      0 |   1053 |      0 |   1 | 1554.0 |
               +--------+--------+--------+--------+--------+-----+--------+

Top non-repeatable levels by time:
       D: 1554 daAuts

Table legend:
 A = Kills in this place as a percentage of kills in entire the game.
 B = Kills by you in this place as a percentage of kills by you in the entire game.
 C = Kills by friends in this place as a percentage of kills by friends in the entire game.
 D = Other kills in this place as a percentage of other kills in the entire game.
 E = Experience gained in this place as a percentage of experience gained in the entire game.
 F = Experience gained in this place divided by the number of levels of this place that you have seen.
                   A       B       C       D       E      F
               +-------+-------+-------+-------+-------+----------------------
         Total | 100.0 | 100.0 |   N/A |   N/A | 100.0 | 11087.0
       Dungeon | 100.0 | 100.0 |   N/A |   N/A | 100.0 | 11087.0
               +-------+-------+-------+-------+-------+----------------------
